 Dungeon Crawl Stone Soup version 0.27.1-34-g3ba077fa99 (webtiles) character file.

Game seed: 3779213391924626482

46 squill the Firebug (level 3, 0/28 HPs)
             Began as a Hill Orc Fire Elementalist on Jan 6, 2022.
             Slain by a black bear (5 damage)
             ... on level 2 of the Dungeon.
             The game lasted 00:06:44 (1287 turns).

squill the Firebug (Hill Orc Fire Elementalist)     Turns: 1287, Time: 00:06:45

Health: 0/28       AC:  6    Str: 10    XL:     3   Next: 68%
Magic:  0/5        EV: 12    Int: 16    God:
Gold:   16         SH:  0    Dex: 11    Spells: 4/5 levels left

rFire    . . .     SeeInvis .   g - staff of cold
rCold    + . .     Faith    .   (no shield)
rNeg     . . .     Spirit   .   a - +0 robe
rPois    .         Reflect  .   d - +2 helmet
rElec    .         Harm     .   (no cloak)
rCorr    .         Rampage  .   h - +0 pair of gloves
Will     .....                  (no boots)
Stlth    ++........             (no amulet)
HPRegen  0.09/turn              (no ring)
MPRegen  0.09/turn              (no ring)

@: no status effects
A: no striking features
a: no special abilities


You were on level 2 of the Dungeon.
You visited 1 branch of the dungeon, and saw 2 of its levels.

You collected 16 gold pieces.

Inventory:

Hand Weapons
 b - a +0 short sword
Armour
 a - a +0 robe (worn)
 d - a +2 helmet (worn)
 h - a +0 pair of gloves (worn)
Magical Staves
 g - a staff of cold (weapon)
Scrolls
 e - a scroll of enchant armour {unknown}
 f - a scroll of identify {unknown}
Potions
 i - a potion of haste {unknown}


   Skills:
 + Level 1.4 Fighting
 + Level 1.3 Armour
 - Level 1.5 Dodging
 - Level 1.5 Stealth
 + Level 1.9 Spellcasting
 + Level 1.7 Conjurations
 + Level 3.7 Fire Magic


You had 4 spell levels left.
You knew the following spells:

 Your Spells              Type           Power      Damage    Failure   Level
a - Foxfire               Conj/Fire      40%        2x1d6     7%          1

Your spell library contained the following spells:

 Spells                   Type           Power      Damage    Failure   Level
 Conjure Flame            Conj/Fire      10%        6-21      21%         3
 Inner Flame              Hex/Fire       7%         N/A       28%         3
 Sticky Flame             Conj/Fire      10%        2d3       56%         4
 Fireball                 Conj/Fire      5%         3d5       88%         5


Dungeon Overview and Level Annotations

Branches:
Dungeon (2/15)

Altars:


Message History

Confirm with . or Enter, or press ? or * to list all spells.
You conjure some foxfire!
The black bear bites you!
* * * LOW HITPOINT WARNING * * *
The black bear claws you.
* * * LOW HITPOINT WARNING * * *
The black bear barely misses you.
The foxfire hits the black bear but does no damage.
The black bear is severely wounded.
The foxfire hits the black bear.
The black bear is almost dead.
The black bear rages.
The black bear barely misses you. The black bear claws you.
* * * LOW HITPOINT WARNING * * *
The black bear barely misses you.
It was a potion of heal wounds.
You feel much better. The black bear barely misses you.
The black bear claws you but does no damage. x2
You hit the black bear.
The black bear is almost dead.
The black bear bites you but does no damage.
The black bear closely misses you.
The black bear claws you but does no damage.
The black bear barely misses you. The black bear closely misses you.
The black bear claws you.
You barely miss the black bear.
The black bear is almost dead.
The black bear bites you. The black bear closely misses you. x2
The black bear bites you but does no damage.
The black bear claws you but does no damage.
The black bear misses you.
You hit the black bear.
The black bear is almost dead.
The black bear bites you but does no damage.
The black bear claws you.
The black bear claws you but does no damage.
The black bear closely misses you. The black bear claws you. x2
* * * LOW HITPOINT WARNING * * *
The black bear rages.
The black bear bites you.
You die...

######...
........##
#..h.....# #..#
########..#
#.........# ...
#.######.## ....
#.######h#
....#+#+##......@.#
..........#########
..........#
..........#
..........#
..........#
###.##..### #.##..#
#<....#


You could see a black bear (berserk).

Vanquished Creatures
  An adder (D:2)
  A worm (D:2)
  5 ball pythons (D:1)
  2 bats (D:1)
  3 endoplasms (D:1)
  2 giant cockroaches (D:1)
  4 goblins (D:1)
  A hobgoblin (D:1)
  7 jackals (D:1)
  A frilled lizard (D:1)
  2 kobolds (D:1)
  2 rats (D:1)
31 creatures vanquished.

Vanquished Creatures (others)
  48 foxfires
48 creatures vanquished.

Grand Total: 79 creatures vanquished

Notes
Turn   | Place    | Note
-------+----------+-------------------------------------------
     0 | D:1      | squill the Hill Orc Fire Elementalist began the quest for
                  | the Orb.
     0 | D:1      | Reached XP level 1. HP: 14/14 MP: 3/3
   139 | D:1      | Reached XP level 2. HP: 20/22 MP: 4/4
   315 | D:1      | Found a faded altar of an unknown god.
   397 | D:1      | Reached skill level 1 in Fighting
   456 | D:1      | Reached skill level 1 in Armour
   709 | D:1      | Reached XP level 3. HP: 28/28 MP: 5/5
  1267 | D:2      | Noticed a black bear
  1287 | D:2      | Slain by a black bear

Illustrated notes

Levels and vault maps discovered:
D:1:      tarquinn_simple_flora_water_e, layout_basic,
          dreamdust_ecumenical_altar_statues
D:2:      layout_basic, serial_shops, shop

Skill      XL: |  1  2 |
---------------+-------+-----
Fighting       | 1 |  1.4
Armour         | 1 |  1.3
Dodging        | |  1.5
Stealth        | |  1.5
Spellcasting   | |  1.9
Conjurations   | |  1.7
Fire Magic     | |  3.7

Action                   || total
-------------------------++-------
Melee: Short sword       ||    25
       Unarmed           ||     1
       Staff             ||    61
 Cast: Foxfire           ||    29
  Use: Potion            ||     1
 Stab: Sleeping          ||     2
Armor: Robe              ||    51
Dodge: Dodged            ||    93
